 Dungeon Crawl Stone Soup version 0.28.0-53-g5a82cb258f (webtiles) character file.

Game seed: 16763126350252256139

197 wingedge the Poker (level 5, -2/34 HPs)
             Began as a Tengu Fighter on June 12, 2022.
             Engulfed by an orc wizard's steam (11 damage)
             ... on level 3 of the Dungeon.
             The game lasted 00:09:25 (2489 turns).

wingedge the Poker (Tengu Fighter)                  Turns: 2489, Time: 00:09:27

Health: -2/34      AC:  6    Str: 27    XL:     5   Next: 75%
Magic:  6/6        EV: 11    Int:  3    God:
Gold:   53         SH:  4    Dex: 13    Spells: 4/4 levels left

rFire   . . .      SeeInvis .   i - +6 spear of Amorality {vorpal, rPois rCorr Str+8 Int-5}
rCold   . . .      Faith    .   c - +0 buckler
rNeg    . . .      Spirit   .   b - +0 scale mail
rPois   +          Reflect  .   (helmet restricted)
rElec   .          Harm     .   (no cloak)
rCorr   +          Rampage  .   (no gloves)
Will    .....                   (boots unavailable)
Stlth   ..........              (no amulet)
HPRegen 0.11/turn               (no ring)
MPRegen 0.10/turn               (no ring)

@: flying quickly and evasively, quick
A: beak, talons 3, nimble flight
a: no special abilities


You were on level 3 of the Dungeon.
You visited 1 branch of the dungeon, and saw 3 of its levels.

You collected 53 gold pieces.

Inventory:

Hand Weapons
 i - the +6 spear of Amorality (weapon) {vorpal, rPois rCorr Str+8 Int-5}
   (You took it off a gnoll on level 2 of the Dungeon)

   It inflicts extra damage upon your enemies.
   Str:       It affects your strength (+8).
   Int:       It affects your intelligence (-5).
   rPois:     It protects you from poison.
   rCorr:     It protects you from acid and corrosion.
 k - a +0 spear of flaming
Missiles
 g - 4 poisoned darts (quivered)
Armour
 b - a +0 scale mail (worn)
 c - a +0 buckler (worn)
Magical Staves
 e - a staff of fire
Scrolls
 d - a scroll of holy word
 f - 2 scrolls of identify {unknown}
 j - a scroll of enchant weapon {unknown}
Potions
 a - a potion of mutation {unknown}
 h - a potion of invisibility {unknown}
 l - a potion of magic {unknown}
 m - a potion of curing {unknown}


   Skills:
 + Level 4.3 Fighting
 * Level 5.1 Polearms
 - Level 3.4 Armour
 - Level 3.1 Shields


You had 4 spell levels left.
You didn't know any spells.
Your spell library contained the following spells:

 Spells                   Type           Power      Damage    Failure   Level
 Static Discharge         Conj/Air       0%         N/A       95%         2
 Swiftness                Air            0%         N/A       99%         3
 Airstrike                Air            0%         N/A       100%        4
 Death's Door             Necr           0%         N/A       100%        9


Dungeon Overview and Level Annotations

Branches:
Dungeon (3/15)

Altars:

Shops:
D:2 [


Innate Abilities, Weirdness & Mutations

You have a beak for a mouth.
You have claws for feet.
Your magical nature lets you fly swiftly and evasively.


Message History

Aim: an orc, wielding a +0 flail and wearing a +0 chain mail (about 25% to evade the +6 spear of Amorality)
You hit the orc but do no damage. You claw the orc.
The orc is moderately wounded.
The orc hits you with a +0 flail.
Reach: i) +6 spear of Amorality {vorpal, rPois rCorr Str+8 Int-5}
Press: ? - help, Dir - move target, f - orc wizard, p - orc
Aim: an orc wizard, wielding a +0 dagger and wearing a +0 robe (about 36% to evade the +6 spear of Amorality)
You reach to attack!
You puncture the orc wizard!
The orc wizard is severely wounded.
The orc wizard gestures at you while chanting.
The puff of flame hits you! The orc hits you but does no damage.
Reach: i) +6 spear of Amorality {vorpal, rPois rCorr Str+8 Int-5}
Press: ? - help, Dir - move target, f/p - orc wizard
Aim: an orc wizard, wielding a +0 dagger and wearing a +0 robe (severely wounded, about 36% to evade the +6 spear of Amorality)
You reach to attack!
You completely miss the orc wizard.
The orc wizard is severely wounded.
You are engulfed in a cloud of scalding steam.
The orc hits you with a +0 flail.
Reach: i) +6 spear of Amorality {vorpal, rPois rCorr Str+8 Int-5}
Press: ? - help, Dir - move target, f - orc
Aim: an orc, wielding a +0 flail and wearing a +0 chain mail (moderately wounded, about 25% to evade the +6 spear of Amorality)
You closely miss the orc. You claw the orc, but do no damage.
The orc is moderately wounded.
You are engulfed in a cloud of scalding steam.
The orc hits you but does no damage.
Reach: i) +6 spear of Amorality {vorpal, rPois rCorr Str+8 Int-5}
Press: ? - help, Dir - move target, f - orc wizard, p - orc
Aim: an orc wizard, wielding a +0 dagger and wearing a +0 robe (severely wounded, about 36% to evade the +6 spear of Amorality)
You reach to attack!
You closely miss the orc wizard.
The orc wizard is severely wounded.
You are engulfed in a cloud of scalding steam.
* * * LOW HITPOINT WARNING * * *
You block the orc's attack.
Reach: i) +6 spear of Amorality {vorpal, rPois rCorr Str+8 Int-5}
Press: ? - help, Dir - move target, f/p - orc wizard
Aim: an orc wizard, wielding a +0 dagger and wearing a +0 robe (severely wounded, about 36% to evade the +6 spear of Amorality)
You hit the orc wizard.
The orc wizard is almost dead.
You are engulfed in a cloud of scalding steam.
You die...

#.##.#### #.......
#++##......
#≈≈#.......
##≈≈##.....
#≈≈≈≈#...# ##
#≈≈≈≈#...####..#
#§§##.....<...#
#o@#..#######....)
#...o##o.## ...
.........## #
.......### .......
...... ...oo. ....
o...


You could see an orc wizard and 2 orcs.

Vanquished Creatures
  7 gnolls (D:2)
  8 adders (D:2)
  3 worms
  An orc (D:1)
  10 ball pythons
  A bat (D:2)
  3 endoplasms
  A giant cockroach (D:3)
  5 hobgoblins
  6 kobolds
  A quokka (D:1)
  2 frilled lizards (D:2)
  4 goblins
  4 rats
56 creatures vanquished.

Notes
Turn   | Place    | Note
-------+----------+-------------------------------------------
     0 | D:1      | wingedge the Tengu Fighter began the quest for the Orb.
     0 | D:1      | Reached XP level 1. HP: 14/14 MP: 2/2
   479 | D:1      | Reached XP level 2. HP: 19/19 MP: 3/3
   714 | D:1      | You fall into a shaft and drop 1 floor!
  1243 | D:1      | Found a faded altar of an unknown god.
  1424 | D:2      | Reached skill level 3 in Polearms
  1424 | D:2      | Reached XP level 3. HP: 18/23 MP: 4/4
  1531 | D:2      | Reached XP level 4. HP: 23/29 MP: 5/5
  1611 | D:2      | Reached skill level 4 in Polearms
  1702 | D:2      | Identified the +6 spear of Amorality {vorpal, rPois rCorr
                  | Str+8 Int-5}
  1845 | D:2      | Gained mutation: Your magical nature lets you fly swiftly
                  | and evasively. [Tengu growth]
  1845 | D:2      | Reached XP level 5. HP: 33/33 MP: 6/6
  2112 | D:2      | Reached skill level 5 in Polearms
  2126 | D:2      | Found Docu's Armour Emporium.
  2147 | D:2      | Got Xudeopuwk's Tome of Twisted Air
  2489 | D:3      | Engulfed by an orc wizard's steam

Illustrated notes

Levels and vault maps discovered:
D:1:      eino_arrival_tree_alley, layout_rooms,
          shapermc_ecumenical_altar_acropolis
D:2:      layout_rooms, serial_shops, nicolae_square_shop, grunt_ministairs_2,
          skrybe_limestone_x, minmay_snake_closets
D:3:      layout_rooms, lemuel_tele_altar, gup_sewer_entry_bowl, glass_columns_a

Skill      XL: |  1  2  3  4  5 |
---------------+----------------+-----
Polearms       | 3 4 5 |  5.1
Fighting       | 4 |  4.3
Armour         | |  3.4
Shields        | |  3.1

Action                   |  1- 3 |  4- 6 || total
-------------------------+-------+-------++-------
Melee: Trident           |    63 |    13 ||    76
       Kick              |    11 |    10 ||    21
       Peck              |     1 |     3 ||     4
       Spear             |       |    65 ||    65
Throw: Dart              |       |     4 ||     4
  Use: Scroll            |     1 |       ||     1
       Potion            |     1 |       ||     1
Armor: Scale mail        |    20 |     8 ||    28
Dodge: Dodged            |    22 |    14 ||    36
Block: Buckler           |    14 |     6 ||    20
